 Dungeon Crawl Stone Soup version 0.30.1-4-g462c640d31 (webtiles) character file.

Game seed: 14515081400411268453

126393 Zeor the Unseen (level 17, -6/113 HPs)
             Began as a Kobold Monk on Aug 10, 2023.
             Was the Champion of Wu Jian.
             Mangled by an alligator snapping turtle (14 damage)
             ... on level 4 of the Shoals.
             The game lasted 02:03:01 (28083 turns).

Zeor the Unseen (Kobold Monk)                      Turns: 28083, Time: 02:03:02

Health: -6/113     AC: 22    Str:  8    XL:     17   Next: 53%
Magic:  25/25      EV: 28    Int: 12    God:    Wu Jian [******]
Gold:   1289       SH: 16    Dex: 27    Spells: 5/27 levels left

rFire   . . .        a - +9 rapier of Wu Jian, Flying {drain, Will+ Stlth+}
rCold   . . .        d - +3 buckler {AC+3}
rNeg    . . .        M - +6 leather armour of the Invisible Hand {rElec rPois Will+}
rPois   +            Y - +1 helmet
rElec   +            (no cloak)
rCorr   .            G - +3 pair of gloves of the Salmon {rPois}
SInv    .            D - +2 pair of boots
Will    +++..        f - amulet of reflection
Stlth   ++++++++++   k - ring of wizardry
HPRegen 0.38/turn    s - ring of flight
MPRegen 0.19/turn

%: reflection, wizardry (x1)
@: flying, studying 2 skills
A: small, no large weapons, nightstalker 3, agile 1, poison resistance
a: Renounce Religion, Wall Jump, Serpent's Lash, Heavenly Storm


You were on level 4 of the Shoals.
You worshipped Wu Jian.
Wu Jian was exalted by your worship.
You visited 5 branches of the dungeon, and saw 27 of its levels.
You also visited: Sewer and Bailey.

You collected 2837 gold pieces.
You spent 1548 gold pieces at shops.

Inventory:

Hand Weapons
 a - the +9 rapier of Wu Jian, Flying (weapon) {drain, Will+ Stlth+}
   (You acquired it on level 2 of the Dungeon)

   Will:      It increases your willpower.
   Stlth:     It makes you more stealthy.
 b - the +7 falchion of the Chewing Butterfly {flame, rPois rC+ Dex+2}
   (You found it on level 2 of the Lair of Beasts)

   Dex:       It affects your dexterity (+2).
   rC:        It protects you from cold.
   rPois:     It protects you from poison.
Missiles
 x - 14 curare-tipped darts
 y - 86 poisoned darts (quivered)
 E - 4 throwing nets
 H - 4 datura-tipped darts
 J - 14 atropa-tipped darts
Armour
 d - a +3 buckler of protection (worn)
 D - a +2 pair of boots (worn)
 G - the +3 pair of gloves of the Salmon (worn) {rPois}
   (You bought it in a shop on level 2 of the Orcish Mines)

   rPois:     It protects you from poison.
 M - the +6 leather armour of the Invisible Hand (worn) {rElec rPois Will+}
   (You found it on level 7 of the Dungeon)

   rElec:     It insulates you from electricity.
   rPois:     It protects you from poison.
   Will:      It increases your willpower.
 Y - a +1 helmet (worn)
Jewellery
 f - an amulet of reflection (around neck)
 h - a ring of protection from cold
 k - a ring of wizardry (left hand)
 l - a ring of protection from fire
 s - a ring of flight (right hand)
 A - a ring of resist corrosion
 N - a ring of wizardry
 X - a ring of see invisible
Wands
 n - a wand of mindburst (7)
 B - a wand of iceblast (22)
 K - a wand of polymorph (3)
 O - a wand of charming (19)
 S - a wand of flame (24)
 U - a wand of acid (5)
Scrolls
 e - 21 scrolls of identify
 g - 4 scrolls of blinking
 i - 9 scrolls of teleportation
 r - a scroll of amnesia
 u - 2 scrolls of immolation
 C - 7 scrolls of magic mapping
 F - 4 scrolls of poison
 I - 3 scrolls of fear
 L - 4 scrolls of enchant weapon
 P - a scroll of fog
 Q - a scroll of silence
 T - 4 scrolls of butterflies
 W - a scroll of brand weapon
Potions
 c - 4 potions of ambrosia
 j - 5 potions of flight
 m - 6 potions of cancellation
 o - 5 potions of heal wounds
 p - 4 potions of magic
 q - 5 potions of invisibility
 t - 3 potions of haste
 v - 11 potions of curing
 z - a potion of resistance
 R - 3 potions of brilliance
 V - 4 potions of might
Miscellaneous
 w - a phial of floods
 Z - a condenser vane


   Skills:
 * Level 15.3 Fighting
 - Level 15.1 Short Blades
 + Level 0.8(6.3) Long Blades
 + Level 5.0 Armour
 * Level 14.7 Dodging
 - Level 20.2 Stealth
 + Level 9.6 Shields
 * Level 5.6 Spellcasting
 * Level 10.6 Conjurations
 + Level 0.3 Air Magic
 + Level 0.5 Poison Magic
 * Level 2.2 Evocations


You had 5 spell levels left.
You knew the following spells:

 Your Spells              Type           Power      Damage    Failure   Level
a - Apportation           Tloc           6%         N/A       16%         1
b - Iskenderun's Battles  Conj           28%        2d8       5%          5
c - Mephitic Cloud        Conj/Pois/Air  12%        N/A       9%          3
d - Magic Dart            Conj           100%       1d8       1%          1
e - Orb of Destruction    Conj           14%        9d7       80%         7
f - Fireball              Conj/Fire      8%         3d6       41%         5

Your spell library contained the following spells:

 Spells                   Type           Power      Damage    Failure   Level
 Call Imp                 Summ           6%         N/A       22%         2
 Lesser Beckoning         Tloc           6%         N/A       22%         2
 Sublimation of Blood     Necr           3%         N/A       22%         2
 Wereblood                Tmut           3%         N/A       22%         2
 Gell's Gravitas          Tloc           3%         N/A       38%         3
 Teleport Other           Tloc           3%         N/A       38%         3
 Animate Dead             Necr           3%         N/A       78%         4
 Petrify                  Tmut/Erth      3%         N/A       78%         4
 Alistair's Intoxication  Tmut/Pois      2%         N/A       96%         5
 Borgnjor's Vile Clutch   Necr/Erth      1%         N/A       98%         5
 Metabolic Englaciation   Hex/Ice        1%         N/A       98%         5
 Conjure Ball Lightning   Conj/Air       8%         3x3d6     90%         6
 Death Channel            Necr           1%         N/A       100%        6
 Statue Form              Tmut/Erth      2%         N/A       100%        6
 Haunt                    Necr/Summ      1%         N/A       100%        7
 Summon Hydra             Summ           1%         N/A       100%        7
 Infestation              Necr           1%         N/A       100%        8


Dungeon Overview and Level Annotations

Branches:
Dungeon (15/15)            Temple (1/1) D:4            Lair (5/5) D:11
 Shoals (4/4) Lair:3        Snake (0/4) Lair:3        Slime (0/5) Lair:4
    Orc (2/2) D:10            Elf (0/3) Orc:2        Vaults (0/5) D:14
 Depths (0/4) D:15          Sewer (visited)          Bailey (visited)

Altars:
Ashenzari
Cheibriados
Dithmenos
Elyvilon
Fedhas
Gozag
Hepliaklqana
Kikubaaqudgha
Makhleb
Nemelex Xobeh
Okawaru
Qazlal
Ru
Sif Muna
Trog
Uskayaw
Vehumet
Wu Jian
Xom
Yredelemnul
Zin
The Shining One
Jiyva

Shops:
D:3 ?   D:8 *   Orc:2 :*=[(   Shoals:1 *   Shoals:3 :

Annotations:
D:6 3 runed translucent doors
Shoals:2 exclusion: kraken


Innate Abilities, Weirdness & Mutations

You are small and have problems with some larger weapons.
You are completely attuned to the shadows.
You are agile. (Dex +4, Str/Int -1)
Your system is resistant to poisons. (rPois)


Message History

You hit the water elemental.
The water elemental is heavily damaged.
You hit the water elemental.
The water elemental is severely damaged.
The water elemental hits you.
The water elemental engulfs you in water!
You hit the water elemental but do no damage.
The water elemental is severely damaged.
Your lungs strain for air!
You puncture the water elemental!
You destroy the water elemental!
The Council accepts your kill. The water engulfing you falls away.
You gasp with relief as air once again reaches your lungs.
You hear an angry hiss.
An alligator snapping turtle and a manticore come into view.
The heavenly storm settles.
The manticore moves out of view.
You lunge at the alligator snapping turtle, in a flurry of attacks.
You impale the alligator snapping turtle!!
The alligator snapping turtle is lightly wounded.
You puncture the alligator snapping turtle!
You drain the alligator snapping turtle.
The alligator snapping turtle is moderately wounded.
The alligator snapping turtle bites you!!
* * * LOW HITPOINT WARNING * * *
You spin and attack the alligator snapping turtle repeatedly.
You hit the alligator snapping turtle but do no damage.
You drain the alligator snapping turtle.
The alligator snapping turtle is moderately wounded.
You hit the alligator snapping turtle but do no damage.
The alligator snapping turtle is moderately wounded.
You spin and attack the manticore repeatedly.
You hit the manticore.
The manticore is lightly wounded.
You hit the manticore but do no damage.
The manticore is lightly wounded.
You block the manticore's attack. x2; The manticore completely misses you.
The alligator snapping turtle bites you!
You die...

▒▒▒▒▒▒▒▒▒▒▒▒▒▒▒▒▒▒▒▒
∙∙∙∙∙∙∙∙∙∙∙∙∙†∙'∙∙∙∙
∙∙∙☼☼∙∙∙∙†∙∙∙∙∙'~~~~
▒▒▒▒▒▒▒▒▒▒○☼▒▒▒▒▒▒▒▒▒▒▒∙~~▒
▒8##☼☼###☼#t∙∙∙∙∙∙∙ ▒''▒▒
▒#☼#☼☼☼#○#KH~~~∙∙∙∙ ▒≈≈▒~
▒#☼▒##☼##▒☼#∙~~~~~▒ ▒≈≈▒~
▒#▒#☼☼~~▒∙▒~▒∙∙~~~~ ▒≈≈▒▒
▒☼☼#☼##~~~∙∙∙~~~~~▒ ▒≈≈▒▒
▒#☼##☼☼▒~~~~~~~∙∙∙∙ ▒≈≈≈≈
▒8#######∙)†∙∙∙∙∙∙∙ ▒≈≈≈≈
▒▒▒▒▒▒▒▒▒▒▒▒▒▒▒▒▒▒ ▒▒▒▒▒


You could see an alligator snapping turtle (drained) and a manticore.

Vanquished Creatures
  Ilsuiw (Shoals:3)
  Josephine (Orc:1)
  4 merfolk impalers
  A merfolk javelineer (Shoals:2)
  7 hydras
  3 merfolk avatars
  Erolcha (D:11)
  3 boulder beetles
  2 dancing weapons (D:14)
  7 centaur warriors
  3 tengu warriors
  3 merfolk aquamancers
  7 death yaks (Lair:4)
  Urug (Orc:1)
  5 orc high priests (Orc:2)
  Sonja (Orc:1)
  Nergalle (Lair:1)
  7 skysharks
  A goliath frog (Lair:5)
  8 sea snakes
  Pikel (D:5)
  A glowing orange brain (D:15)
  10 harpies
  14 orc knights
  12 manticores
  An orc sorcerer (D:15)
  An oklob plant (Shoals:1)
  6 cyclopes
  25 ugly things
  A salamander (Lair:3)
  6 merfolk sirens
  10 elephants
  An elephant (shapeshifter) (D:15)
  2 black mambas
  Psyche (D:11)
  7 water nymphs
  17 cane toads
  An unseen horror (D:11)
  7 komodo dragons
  4 rime drakes
  16 merfolk
  A yaktaur (D:15)
  4 tengu conjurers
  A polar bear (Lair:1)
  3 tyrant leeches (Lair:5)
  17 blink frogs
  A hornet (D:9)
  6 trolls
  7 snapping turtles
  4 wind drakes
  22 slime creatures
  A shadow (D:13)
  15 water elementals
  6 wraiths
  10 wyverns
  9 basilisks
  24 yaks
  Grum (D:11)
  5 steam dragons
  15 vampire mosquitoes
  3 wargs
  An acid dragon (D:11)
  9 water moccasins
  43 orc warriors
  4 black bears
  A sky beast (D:8)
  2 ice beasts (D:6)
  3 swamp drakes (Lair:5)
  25 wolves
  5 ogres
  6 centaurs
  A phantom (D:5)
  16 kobold brigands
  20 bullfrogs
  A scorpion (D:7)
  9 wights
  7 jellies
  2 electric eels
  3 howler monkeys
  3 lava snakes (Lair:3)
  3 gnoll boudas
  2 hounds
  26 orc priests
  A sleepcap (D:8)
  4 iguanas
  17 orc wizards
  6 hell rats (Lair:3)
  18 gnolls
  12 adders
  2 white imps
  7 worms
  5 dart slugs
  84 orcs
  9 bats
  12 endoplasms
  5 giant cockroaches
  11 goblins
  8 hobgoblins
  3 jackals (D:3)
  A quokka (D:4)
  11 ball pythons
  5 frilled lizards
  31 kobolds
  7 rats
817 creatures vanquished.

Vanquished Creatures (others)
  2 orcs (D:3)
  A kobold (D:7)
3 creatures vanquished.

Grand Total: 820 creatures vanquished

Notes
Turn   | Place    | Note
-------+----------+-------------------------------------------
     0 | D:1      | Zeor the Kobold Monk began the quest for the Orb.
     0 | D:1      | Reached XP level 1. HP: 14/14 MP: 1/1
   235 | D:1      | Reached XP level 2. HP: 16/19 MP: 2/2
   605 | D:1      | Reached XP level 3. HP: 24/24 MP: 3/3
  1782 | D:2      | Identified a scroll of acquirement
  1782 | D:2      | Acquired the +9 rapier of Wu Jian, Flying {drain, Will+
                  | Stlth+}
  2172 | D:3      | Reached skill level 1 in Stealth
  2239 | D:3      | Reached XP level 4. HP: 29/29 MP: 4/4
  2321 | D:3      | Reached skill level 5 in Short Blades
  2447 | D:3      | You fall into a shaft and drop 3 floors!
  2555 | D:6      | Reached skill level 2 in Stealth
  2560 | D:6      | Reached XP level 5. HP: 32/33 MP: 5/5
  2570 | D:6      | Reached skill level 1 in Armour
  2603 | D:6      | Reached skill level 3 in Stealth
  2603 | D:6      | Reached XP level 6. HP: 22/39 MP: 6/6
  2799 | D:5      | Entered Level 5 of the Dungeon
  2896 | D:5      | Found a glowing drain.
  2902 | Sewer    | Entered a sewer
  3096 | Sewer    | Reached skill level 1 in Shields
  3096 | Sewer    | Reached XP level 7. HP: 44/44 MP: 7/7
  3122 | Sewer    | Reached skill level 4 in Stealth
  3533 | Sewer    | Reached skill level 5 in Fighting
  3538 | Sewer    | Reached XP level 8. HP: 47/49 MP: 8/8
  3775 | D:4      | Reached skill level 5 in Stealth
  4026 | D:4      | Identified the +6 hand axe "Moh Jues" {antimagic, Dex+2
                  | Stlth+}
  4030 | D:4      | Learned a level 1 spell: Apportation
  4063 | D:4      | Reached skill level 6 in Stealth
  4229 | D:3      | Gained mutation: You have large cloven feet. [potion of
                  | mutation]
  4229 | D:3      | Gained mutation: Your spells are a little harder to cast,
                  | but a little more powerful. [potion of mutation]
  4229 | D:3      | Gained mutation: Your spells are harder to cast, but more
                  | powerful. [potion of mutation]
  4320 | D:3      | Found Keirchun's Magic Scroll Shoppe.
  4338 | D:3      | Bought a scroll of identify for 24 gold pieces
  4338 | D:3      | Bought a scroll of blinking for 90 gold pieces
  4338 | D:3      | Bought a scroll of teleportation for 36 gold pieces
  4542 | D:3      | Found a faded altar of an unknown god.
  5405 | D:4      | Found a staircase to the Ecumenical Temple.
  5412 | Temple   | Entered the Ecumenical Temple
  5988 | D:5      | Reached skill level 5 in Dodging
  5988 | D:5      | Reached skill level 7 in Stealth
  6220 | D:5      | Noticed a troll
  6229 | D:5      | Killed a troll
  6230 | D:5      | Reached XP level 9. HP: 55/55 MP: 9/9
  6230 | D:5      | Noticed Pikel
  6248 | D:5      | Killed Pikel
  6249 | D:5      | Reached skill level 8 in Stealth
  6691 | D:5      | Reached skill level 9 in Stealth
  7115 | D:6      | Found a runed translucent gate.
  7116 | D:6      | Found a runed translucent gate.
  7117 | D:6      | Found a runed translucent gate.
  7453 | D:6      | Reached XP level 10. HP: 61/61 MP: 10/10
  7743 | D:7      | Lost mutation: You have large cloven feet. [potion of
                  | mutation]
  7743 | D:7      | Lost mutation: Your spells are harder to cast, but more
                  | powerful. [potion of mutation]
  7743 | D:7      | Gained mutation: You occasionally lose the ability to read
                  | scrolls when taking damage. [potion of mutation]
  7743 | D:7      | Gained mutation: Your spells are harder to cast, but more
                  | powerful. [potion of mutation]
  7744 | D:7      | Lost mutation: You occasionally lose the ability to read
                  | scrolls when taking damage. [potion of mutation]
  7744 | D:7      | Lost mutation: Your spells are harder to cast, but more
                  | powerful. [potion of mutation]
  7744 | D:7      | Lost mutation: Your spells are a little harder to cast, but
                  | a little more powerful. [potion of mutation]
  7744 | D:7      | Gained mutation: Your magical capacity is low. (-10% MP)
                  | [potion of mutation]
  7745 | D:7      | Lost mutation: Your magical capacity is low. (-10% MP)
                  | [potion of mutation]
  7745 | D:7      | Gained mutation: You are vulnerable to heat. (rF-) [potion
                  | of mutation]
  7745 | D:7      | Gained mutation: You sometimes lose your temper in combat.
                  | [potion of mutation]
  7746 | D:7      | Lost mutation: You sometimes lose your temper in combat.
                  | [potion of mutation]
  7746 | D:7      | Lost mutation: You are vulnerable to heat. (rF-) [potion of
                  | mutation]
  7746 | D:7      | Gained mutation: Your system is resistant to poisons.
                  | (rPois) [potion of mutation]
  7746 | D:7      | Gained mutation: You are agile. (Dex +4, Str/Int -1)
                  | [potion of mutation]
  7872 | D:7      | Reached skill level 10 in Stealth
  7931 | D:7      | Found a flagged portal.
  7937 | Bailey   | Entered a bailey
  8093 | Bailey   | Reached skill level 10 in Short Blades
  8178 | Bailey   | Found a bloodstained altar of Trog.
  8181 | Bailey   | Identified the +0 leather armour of Virtue {-Tele rPois
                  | rCorr}
  8579 | D:7      | Identified the +6 leather armour of the Invisible Hand
                  | {rElec rPois Will+}
  9087 | D:7      | Reached skill level 5 in Shields
  9609 | D:8      | Found Nicary's Changing Room.
  9905 | D:8      | Reached skill level 11 in Stealth
  9941 | D:8      | Found a hazy altar of Hepliaklqana.
  9943 | D:8      | Found an ancient bone altar of Kikubaaqudgha.
  9945 | D:8      | Found a snail-covered altar of Cheibriados.
  9947 | D:8      | Found an ornate altar of the Wu Jian Council.
  9948 | D:8      | Found a shimmering blue altar of Sif Muna.
  9949 | D:8      | Found a stormy altar of Qazlal.
  9951 | D:8      | Found a radiant altar of Vehumet.
  9953 | D:8      | Found a blossoming altar of Fedhas.
  9955 | D:8      | Found a hide-covered altar of Uskayaw.
  9963 | D:8      | Became a worshipper of the Wu Jian Council
  9963 | D:8      | Reached * piety under Wu Jian
  9963 | D:8      | Reached ** piety under Wu Jian
  9980 | D:8      | Found a broken altar of Ashenzari.
  9981 | D:8      | Found an iron altar of Okawaru.
 10306 | D:9      | Reached XP level 11. HP: 66/66 MP: 11/11
 10759 | D:9      | Noticed a cyclops
 10761 | D:9      | Killed a cyclops
 10762 | D:9      | Reached skill level 12 in Stealth
 10930 | D:10     | Entered Level 10 of the Dungeon
 11022 | D:10     | Noticed a sea snake
 11149 | D:10     | Noticed a sea snake
 11224 | D:10     | Found a sparkling altar of Nemelex Xobeh.
 11428 | D:10     | Found a glowing golden altar of the Shining One.
 11431 | D:10     | Noticed an angel
 11443 | D:10     | Found a basalt altar of Yredelemnul.
 11446 | D:10     | Noticed a profane servitor
 11780 | D:10     | Reached *** piety under Wu Jian
 11817 | D:10     | Found a staircase to the Orcish Mines.
 11970 | D:11     | Reached skill level 13 in Stealth
 12030 | D:11     | Found a staircase to the Lair.
 12039 | Lair:1   | Entered Level 1 of the Lair of Beasts
 12602 | Lair:1   | Noticed Nergalle
 12604 | Lair:1   | Killed Nergalle
 12605 | Lair:1   | Reached XP level 12. HP: 73/73 MP: 12/12
 12732 | Lair:1   | Reached skill level 14 in Stealth
 12758 | Lair:1   | Reached **** piety under Wu Jian
 13521 | Lair:2   | Identified the +7 falchion of the Chewing Butterfly {flame,
                  | rPois rC+ Dex+2}
 14097 | Lair:3   | Found a staircase to the Shoals.
 14267 | Lair:3   | Noticed a seven-headed hydra
 14271 | Lair:3   | Killed a seven-headed hydra
 14317 | Lair:3   | Reached skill level 15 in Stealth
 14513 | Lair:3   | Identified the +2 leather armour of Wuxtunta {Int+3}
 14689 | Lair:3   | Found a staircase to the Snake Pit.
 14943 | Lair:4   | Reached skill level 16 in Stealth
 15111 | Lair:4   | Reached XP level 13. HP: 80/80 MP: 13/13
 15115 | Lair:4   | Reached ***** piety under Wu Jian
 15326 | Lair:4   | Reached skill level 10 in Fighting
 15597 | Lair:4   | Found a viscous altar of Jiyva.
 15623 | Lair:4   | Found a staircase to the Slime Pits.
 15629 | Lair:4   | Reached skill level 10 in Dodging
 15708 | Lair:4   | Noticed a four-headed hydra
 15711 | Lair:4   | Killed a four-headed hydra
 15993 | Lair:4   | Upgraded the game from 0.30.1-3-gfc49f6343a to
                  | 0.30.1-4-g462c640d31
 16059 | Lair:5   | Entered Level 5 of the Lair of Beasts
 16091 | Lair:5   | Noticed a four-headed hydra
 16207 | Lair:5   | Reached skill level 17 in Stealth
 16267 | Lair:5   | Noticed a five-headed hydra
 16272 | Lair:5   | Reached XP level 14. HP: 79/88 MP: 14/14
 16584 | Lair:5   | Reached skill level 15 in Short Blades
 16638 | Lair:5   | Reached ****** piety under Wu Jian
 16756 | Lair:5   | Learned a level 3 spell: Mephitic Cloud
 16916 | Lair:5   | Reached skill level 1 in Conjurations
 17636 | Orc:1    | Entered Level 1 of the Orcish Mines
 17723 | Orc:1    | Noticed Josephine
 17744 | Orc:1    | Killed Josephine
 17769 | Orc:1    | Noticed Urug
 17777 | Orc:1    | Killed Urug
 17783 | Orc:1    | Learned a level 1 spell: Magic Dart
 18057 | Orc:2    | Entered Level 2 of the Orcish Mines
 18212 | Orc:2    | Found a staircase to the Elven Halls.
 18378 | Orc:2    | Found Umuy's Book Shop.
 18590 | Orc:2    | Reached XP level 15. HP: 32/97 MP: 15/15
 18594 | Orc:2    | Reached skill level 18 in Stealth
 19193 | Orc:2    | Found Panoklet's Jewellery Boutique.
 19194 | Orc:2    | Found Nalio's Antique Armour Shop.
 19195 | Orc:2    | Found Cublaese's Weapon Shop.
 19195 | Orc:2    | Found Oficupna's General Store.
 19198 | Orc:2    | Bought a pair of ichor-stained gloves for 266 gold pieces
 19198 | Orc:2    | Identified the +3 pair of gloves of the Salmon {rPois} (You
                  | bought it in a shop on level 2 of the Orcish Mines)
 19198 | Orc:2    | Bought a runed helmet for 210 gold pieces
 19411 | Orc:1    | Reached skill level 5 in Conjurations
 19482 | Orc:1    | Noticed Sonja
 19500 | Orc:1    | Killed Sonja
 19751 | D:11     | Noticed Erolcha
 19754 | D:11     | Killed Erolcha
 19840 | D:11     | Noticed Psyche
 19843 | D:11     | Killed Psyche
 20050 | D:11     | Noticed Grum
 20056 | D:11     | Killed Grum
 21964 | D:13     | Found a snail-covered altar of Cheibriados.
 22286 | D:14     | Found a white marble altar of Elyvilon.
 22309 | D:14     | Reached skill level 1 in Spellcasting
 22574 | D:14     | Reached skill level 19 in Stealth
 22943 | D:14     | Reached XP level 16. HP: 90/104 MP: 17/19
 23150 | D:14     | Learned a level 5 spell: Iskenderun's Battlesphere
 23156 | D:14     | Learned a level 5 spell: Fireball
 23280 | D:14     | Found a gate to the Vaults.
 23636 | D:15     | Entered Level 15 of the Dungeon
 23864 | D:15     | Found a staircase to the Depths.
 24750 | Shoals:1 | Entered Level 1 of the Shoals
 24820 | Shoals:1 | Found Ruesibom's General Store.
 24825 | Shoals:1 | Bought a scroll of teleportation for 42 gold pieces
 24845 | Shoals:1 | Found a shimmering altar of Xom.
 25714 | Shoals:1 | Reached skill level 20 in Stealth
 25990 | Shoals:2 | Reached XP level 17. HP: 112/112 MP: 23/23
 26207 | Shoals:2 | You are sucked into a shaft and drop 1 floor!
 26385 | Shoals:3 | Reached skill level 5 in Spellcasting
 26695 | Shoals:2 | Noticed a kraken
 27075 | Shoals:2 | Reached skill level 15 in Fighting
 27075 | Shoals:2 | Reached skill level 10 in Conjurations
 27178 | Shoals:3 | Noticed Ilsuiw
 27197 | Shoals:3 | Killed Ilsuiw
 27800 | Shoals:3 | Found Culoetee's Vocational Training.
 27807 | Shoals:3 | Bought a manual of Evocations for 880 gold pieces
 27815 | Shoals:3 | Learned a level 7 spell: Orb of Destruction
 27952 | Shoals:4 | Entered Level 4 of the Shoals
 28005 | Shoals:4 | Reached skill level 1 in Evocations
 28044 | Shoals:4 | Reached skill level 5 in Armour
 28083 | Shoals:4 | Mangled by an alligator snapping turtle

Illustrated notes

Levels and vault maps discovered:
D:1:      dpeg_arrival_connections, layout_basic, serial_bayou_ford_a,
          minmay_misc_feat_rows
D:2:      layout_basic
D:3:      minmay_bubble_buster, layout_loops_corners,
          ebering_ecumenical_altar_hall, serial_shops,
          nicolae_shop_window_shopping
D:4:      layout_loops_corners, temple_fountains
D:5:      black_bear_nest_1, layout_basic, cheibrodos_sewer_entry_drain,
          minmay_small_thing, uniq_pikel
D:6:      layout_loops_corners, gammafunk_ghost_icy, serial_rivers,
          chequers_serial_rivers_small_a, chequers_serial_rivers_room_b,
          chequers_serial_rivers_large_b, chequers_serial_rivers_small_b,
          chequers_serial_rivers_micro_b
D:7:      layout_basic, enter_bailey_3, minmay_misc_feat_alley
D:8:      layout_loops_ring, nicolae_overflow_hallway_of_the_gods,
          nicolae_transmutations_shop, nicolae_zen_rock_garden
D:9:      layout_loops_ring, lightli_minifort
D:10:     layout_basic, grunt_temple_overflow_holy_war, nemelex_altar_shiori,
          hiddenorc1_lemuel, serial_aquarium, aquarium_bridge_long_joined
          [aquarium_subvault_bridge, aquarium_subvault_window,
          aquarium_subvault_bridge, aquarium_subvault_window,
          aquarium_subvault_window, aquarium_subvault_balcony],
          aquarium_window_corridor_1, aquarium_window_1, aquarium_view_2e,
          aquarium_view_2e
D:11:     layout_basic, grunt_lair_entry_orc_guard_hut, serial_rivers,
          chequers_serial_rivers_micro_b, chequers_serial_rivers_small_3,
          chequers_serial_rivers_room_b, chequers_serial_rivers_small_b,
          serial_bayou_crossing, uniq_erolcha, uniq_psyche, uniq_grum
D:12:     layout_irregular_city
D:13:     layout_small_grid, kennysheep_slug_shrine
D:14:     layout_roguey, erik_vaults_1, minmay_staircase_bubble,
          elyvilon_altar_5
D:15:     gammafunk_enter_depths_forms, layout_loops_cross,
          minmay_tree_intersection
Temple:   hellmonk_temple_of_storms
Lair:1:   layout_regular_city, uniq_nergalle
Lair:2:   layout_cave_pods
Lair:3:   layout_loops_ring, elwin_shoals_entry_rocks,
          nicolae_snake_entry_warm_welcome, special_room
          [special_room_mythical_zoo]
Lair:4:   layout_loops_ring, slime_entry_1, grunt_megastairs_3,
          serial_bayou_shore_a
Lair:5:   minmay_lair_end_frog_pond, layout_loops_ring, pond
Shoals:1: layout_shoals, serial_shops, nicolae_shop_rolling_square,
          lemuel_oklob_altar
Shoals:2: layout_shoals, nicolae_shoals_kraken_intersection
Shoals:3: layout_shoals, nicolae_shoals_square_sea_wall,
          nicolae_shop_vocational, uniq_ilsuiw
Shoals:4: shoals_end_hellmonk_storm_palace [storm_palace_center_ruins,
          storm_palace_corner_narrow, storm_palace_corner_reverse_hut,
          storm_palace_corner_pillars, storm_palace_corner_blocked]
Orc:1:    layout_caves, uniq_sonja, uniq_urug, uniq_josephine
Orc:2:    st_orc_pillars, layout_caves, serial_shops, nicolae_book_shop_shelving

Skill      XL: |  1  2  3  4  5  6  7  8  9 10 11 12 13 14 15 16 17 |
---------------+----------------------------------------------------+-----
Dodging        | 4 5 6 7 8 10 12 13 14 | 14.7
Stealth        | 1 2 3 4 7 9 11 13 16 17 19 20 | 20.2
Fighting       | 4 5 6 8 9 10 12 13 14 15 | 15.3
Short Blades   | 5 6 7 8 9 11 12 13 14 15 | 15.1
Armour         | 1 2 3 4 5 |  5.0
Shields        | 1 2 3 5 6 7 8 9 |  9.6
Conjurations   | 4 7 9 10 | 10.6
Spellcasting   | 2 4 5 |  5.6
Evocations     | 2 |  2.2
Long Blades    | |  0.8
Air Magic      | |  0.3
Poison Magic   | |  0.5

Action                     |  1- 3 |  4- 6 |  7- 9 | 10-12 | 13-15 | 16-18 || total
---------------------------+-------+-------+-------+-------+-------+-------++-------
  Melee: Short sword       |    86 |       |       |       |       |       ||    86
         Dagger            |     9 |       |       |       |       |       ||     9
         Rapier            |     7 |    68 |   200 |   454 |  1274 |   550 ||  2553
         Falchion          |       |       |       |       |    13 |       ||    13
  Throw: Dart              |       |       |       |     1 |     1 |       ||     2
   Cast: Magic Dart        |       |       |       |       |       |     4 ||     4
         Mephitic Cloud    |       |       |       |       |       |     4 ||     4
         Iskenderun's Batt |       |       |       |       |       |     1 ||     1
 Invoke: Heavenly Storm    |       |       |       |       |     1 |     1 ||     2
Ability: Whirlwind         |       |       |       |    32 |   145 |    68 ||   245
         Wall Jump         |       |       |       |     5 |    24 |    11 ||    40
         Lunge             |       |       |       |    44 |    98 |    73 ||   215
    Use: Scroll            |     4 |     2 |     5 |     7 |     2 |     1 ||    21
         Potion            |       |       |    14 |     4 |     2 |     3 ||    23
   Stab: Sleeping          |     8 |     6 |    44 |    76 |    47 |    77 ||   258
         Distracted        |     1 |       |     1 |     1 |    23 |     3 ||    29
         Confused          |       |       |       |       |     1 |     5 ||     6
 Armour: Robe              |    10 |       |       |       |       |       ||    10
         Leather armour    |     7 |     4 |    30 |    22 |    76 |    39 ||   178
         Skin              |       |       |    19 |       |       |       ||    19
  Dodge: Dodged            |    56 |    25 |    91 |   127 |   401 |   180 ||   880
  Block: Buckler           |       |     3 |    33 |   124 |   402 |   166 ||   728
         Reflection        |       |       |       |    13 |    13 |     4 ||    30
